 Dungeon Crawl Stone Soup version 0.31-a0-931-g7b59d4eb97 (webtiles) character file.

Game seed: 10037364463239739887

312 Morbidden the Ruffian (level 6, -7/55 HPs)
             Began as a Troll Shapeshifter on Oct 19, 2023.
             Was an Initiate of Cheibriados.
             Mangled by an ogre
             ... wielding a +0 giant spiked club
              (24 damage)
             ... on level 4 of the Dungeon.
             The game lasted 00:02:12 (1549 turns).

Morbidden the Ruffian (Troll Shapeshifter)          Turns: 1549, Time: 00:02:12

Health: -7/55      AC:  4    Str: 26    XL:     6   Next: 18%
Magic:  5/5        EV: 10    Int:  7    God:    Cheibriados [......]
Gold:   122        SH:  0    Dex: 16    Spells: 5/5 levels left

rFire   . .          .
                       - Unarmed
rCold   . . .        (no shield)
rNeg    . . .        a - +0 animal skin
rPois   .            (helmet currently unavailable)
rElec   .            (cloak currently unavailable)
rCorr   .            (gloves unavailable)
SInv    .            (boots unavailable)
Will    .....        (no amulet)
Stlth   ++           n - +6 ring of dexterity
HPRegen 1.09/turn    q - ring of wizardry
MPRegen 0.09/turn

%: wizardry (x1)
@: beast-form, very slow
A: beast (slay +2), large, unfitting armour, claws 3, regeneration 1, shaggy fur
1, tough skin 1
a: Begin Untransformation, Renounce Religion


You were on level 4 of the Dungeon.
You worshipped Cheibriados.
Cheibriados was noncommittal.
You were a hulking beast.
You visited 2 branches of the dungeon, and saw 5 of its levels.

You collected 122 gold pieces.

Inventory:

Missiles
 e - 35 stones (quivered)
 o - 10 poisoned darts
Armour
 a - a +0 animal skin (worn)
Jewellery
 n - a +6 ring of dexterity (left claw)
 q - a ring of wizardry (right claw)
Talismans
 c - a beast talisman (active)
 d - a flux talisman
Scrolls
 f - 2 scrolls of poison {unknown}
 h - a scroll of vulnerability {unknown}
 i - 4 scrolls of enchant weapon {unknown}
 m - a scroll of identify {unknown}
 r - a scroll of immolation {unknown}
Potions
 b - 3 potions of lignification
 g - 2 potions of curing {unknown}
 j - 2 potions of enlightenment {unknown}
 k - a potion of heal wounds {unknown}
 l - a potion of degeneration {unknown}
 p - a potion of attraction {unknown}


   Skills:
 * Level 1.5 Fighting
 * Level 2.8 Dodging
 + Level 0.2 Stealth
 * Level 4.7 Unarmed Combat
 * Level 4.5 Shapeshifting


You had 5 spell levels left.
You didn't know any spells.
Your spell library contained the following spells:

 Spells                   Type           Power      Damage    Failure   Level
 Passage of Golubria      Tloc           0%         N/A       86%         4
 Silence                  Hex/Air        0%         N/A       99%         5
 Lehudib's Crystal Spear  Conj/Erth      0%         10d2      100%        8


Dungeon Overview and Level Annotations

Branches:
Dungeon (4/15)             Temple (1/1) D:4

Altars:
Cheibriados
Dithmenos
Elyvilon
Kikubaaqudgha
Nemelex Xobeh
Okawaru
Uskayaw
Vehumet
Wu Jian
Xom
Zin

Shops:
D:3 *


Innate Abilities, Weirdness & Mutations

You are a hulking beast.
Your limbs bulge with bestial killing power. (Slay +2)
You are too large for most types of armour.
You have claws for hands.
Your natural rate of healing is unusually fast.
You are covered in fur. (AC +1)
You have tough skin. (AC +1)


Message History

An ogre comes into view. It is wielding a +0 giant spiked club.
The gnoll hits you with a +0 spear. The gnoll barely misses you.
Unknown command.
The ogre shouts!
You claw the gnoll!
You kill the gnoll!
Cheibriados appreciates the change of pace.
The gnoll closely misses you.
You mangle the gnoll!!
You kill the gnoll!
Cheibriados appreciates the change of pace.
Unknown command.
There are monsters nearby!
The ogre barely misses you.
You see here a +0 flail.
Unknown command.
You claw the ogre!
The ogre is heavily wounded.
The gnoll hits you with a +0 flail.
Unknown command.
You scratch the ogre.
The ogre is severely wounded.
The ogre hits you with a +0 giant spiked club!!
The gnoll hits you with a +0 flail.
* * * LOW HITPOINT WARNING * * *
Unknown command.
You are too injured to fight recklessly!
Unknown command.
You are too injured to fight recklessly!
Unknown command.
You are too injured to fight recklessly!
Unknown command.
You are too injured to fight recklessly!
Unknown command.
You are too injured to fight recklessly!
Unknown command.
You scratch the ogre.
The ogre is severely wounded.
The ogre hits you with a +0 giant spiked club!!
You die...

..# .. ## . .. ..#.. .. ##.
....# ...##.. ....#
#.....####....#
#...gO.....#.# #...h#..#...#
... ## .....#.).......####
.. ... .....#..#.......... .
#.##.###...##..#..!.....#.
.##.#...##....##............
...<.....................°..
...............###...##..°..
#.............###..## #°.○☼
#.......##.....###>###..○.○


You could see an ogre and a gnoll.

Vanquished Creatures
  Sigmund (D:3)
  2 hounds (D:4)
  3 adders
  2 gnolls (D:4)
  3 worms (D:2)
  An orc (D:4)
  3 endoplasms
  4 giant cockroaches
  3 hobgoblins
  7 jackals
  5 quokkas
  6 ball pythons
  3 frilled lizards
  2 goblins
  4 kobolds
  A rat (D:1)
50 creatures vanquished.

Notes
Turn   | Place    | Note
-------+----------+-------------------------------------------
     0 | D:1      | Morbidden the Troll Shapeshifter began the quest for the
                  | Orb.
     0 | D:1      | Reached XP level 1. HP: 18/18 MP: 0/0
   210 | D:1      | Reached XP level 2. HP: 26/26 MP: 1/1
   597 | D:2      | Found a white marble altar of Elyvilon.
   635 | D:2      | Reached skill level 1 in Fighting
   764 | D:2      | Reached XP level 3. HP: 33/33 MP: 2/2
  1022 | D:3      | Noticed Sigmund
  1030 | D:3      | Killed Sigmund
  1031 | D:3      | Reached XP level 4. HP: 40/41 MP: 3/3
  1031 | D:3      | Reached XP level 5. HP: 47/48 MP: 4/4
  1114 | D:3      | Found a white marble altar of Elyvilon.
  1132 | D:3      | Found Zin's Purification Station.
  1135 | D:3      | Found a glowing silver altar of Zin.
  1412 | D:4      | Found an ornate altar of the Wu Jian Council.
  1444 | D:4      | Found a staircase to the Ecumenical Temple.
  1448 | D:4      | Reached XP level 6. HP: 55/55 MP: 5/5
  1451 | Temple   | Entered the Ecumenical Temple
  1460 | Temple   | Became a worshipper of Cheibriados the Contemplative
  1524 | D:4      | Found a radiant altar of Vehumet.
  1549 | D:4      | Mangled by an ogre

Illustrated notes

Levels and vault maps discovered:
D:1:      wheals_arrival_linesprint, layout_rooms, serial_glass,
          glass_columns_b, glass_columns_b
D:2:      layout_basic, basic_altar
D:3:      layout_rooms, zin_purify, elyvilon_altar_4, uniq_sigmund
D:4:      layout_cave_pools, fiery_altar_vehumet, general_overflow_altar,
          nicolae_wu_jian_immortal_techniques, temple_green
Temple:   hellmonk_temple_two_chambers

Skill      XL: |  1  2  3 |
---------------+----------+-----
Fighting       | 1 |  1.5
Dodging        | 2 |  2.8
Unarmed Combat | 4 |  4.7
Shapeshifting  | 4 |  4.5
Stealth        | |  0.2

Action                     |  1- 3 |  4- 6 || total
---------------------------+-------+-------++-------
  Melee: Unarmed           |    83 |    38 ||   121
         Punch             |       |     1 ||     1
  Throw: Stone             |       |     7 ||     7
   Stab: Sleeping          |       |     1 ||     1
 Armour: Animal skin       |    34 |    20 ||    54
  Dodge: Dodged            |    32 |    21 ||    53

Table legend: (Time is in decaauts)
 A = Elapsed time spent in this place.
 B = Non-inter-level travel time spent in this place.
 C = Inter-level travel time spent in this place.
 D = Time resting spent in this place.
 E = Time spent auto-exploring this place.
 F = Levels seen in this place.
 G = Mean time per level.
                   A        B        C        D        E       F      G
               +--------+--------+--------+--------+--------+-----+--------+
         Total |   1559 |   1454 |    105 |      0 |   1107 |   5 |  311.8 |
       Dungeon |   1538 |   1451 |     87 |      0 |   1107 |   4 |  384.5 |
        Temple |     21 |      3 |     18 |      0 |      0 |   1 |   21.0 |
               +--------+--------+--------+--------+--------+-----+--------+

Top non-repeatable levels by time:
     D:1: 541 daAuts
     D:2: 473 daAuts
     D:3: 349 daAuts
     D:4: 173 daAuts
  Temple: 21 daAuts
